AoeStats
← fat_dgk

MegaRandom

509268643Analyzed
4v4 RM · 6d ago on Sep 26, 2026· 32m 4s· 8 players
Game mode
Random Map
Map size
Large (8 player)
Population
200
Speed
Normal
Resources
Standard
Victory
Conquest
Starting age
Dark Age
Ending age
Imperial Age
RankedLock teamsTeams togetherTeam positionsShared explorationLock speedFull tech treeHidden civsTurbo modeCheats
Victory
Defeat
🇲🇽 Malay · Mexico
1238
+15
🇲🇽 Khmer · Mexico
1235
+15
🇺🇸 Varangians · United States
1213
+15
🇲🇽 Maya · Mexico
1206
+16
🇨🇦 Saxons · Canada
1254
-18
🇦🇺 Sicilians · Australia
1206
-15
🇨🇱 Armenians · Chile
1188
-14
🇯🇵 Turks · Japan
1182
-14
Lancelot
3:19 Loom
10:45 Feudal Age
10:36 Double-Bit Axe
11:06 Gold Mining
14:09 Horse Collar
16:36 Fletching
23:53 Castle Age
22:25 Padded Archer Armor
23:43 Bow Saw
22:55 Crossbowman
23:50 Thumb Ring
24:18 Bodkin Arrow
26:17 Wheelbarrow
27:39 Heavy Plow
28:46 Leather Archer Armor
29:27 Town Watch
32:28 Imperial Age
31:39 Gold Shaft Mining
31:41 Ballistics
31:56 Stone Mining
32:09 Bracer
31:39 Arbalester
32:36 Hand Cart
32:22 Town Patrol
33:02 Crop Rotation
ABRAXAS
8:02 Loom
10:37 Feudal Age
12:17 Double-Bit Axe
12:36 Horse Collar
16:36 Bloodlines
22:37 Castle Age
22:01 Forging
21:51 Gold Mining
30:42 Imperial Age
30:47 Spies/Treason
SenorLeyenda561
0:32 Loom
10:40 Feudal Age
14:58 Fletching
17:52 Padded Archer Armor
25:20 Castle Age
31:23 Imperial Age
30:07 Gold Mining
32:36 Conscription
31:37 Spies/Treason
31:54 Crossbowman
aaaaaaa
9:54 Feudal Age
11:37 Bloodlines
16:13 Loom
20:48 Castle Age
19:43 Horse Collar
19:50 Double-Bit Axe
21:19 Forging
21:15 Scale Barding Armor
23:04 Husbandry
27:12 Town Watch
31:39 Imperial Age
29:04 Gold Mining
29:52 Stone Mining
33:19 Imperial Age
LavarBall
0:53 Loom
12:04 Feudal Age
13:17 Horse Collar
19:05 Castle Age
16:53 Double-Bit Axe
fat_dgk
7:13 Loom
9:54 Feudal Age
10:46 Man-at-Arms
12:05 Double-Bit Axe
14:57 Padded Archer Armor
RomaSaga
11:54 Feudal Age
10:12 Loom
11:57 Feudal Age
17:45 Castle Age
16:44 Double-Bit Axe
18:36 Scale Barding Armor
Defenestrator
8:02 Loom
Connection lost

Rejoining the realm…

Still unreachable

The connection could not be restored.

Session expired

The server has moved on; the page needs a fresh start.